 Dungeon Crawl Stone Soup version 0.21.1-1-g345015f (webtiles) character file.

106 Mirai the Magician (level 4, -2/24 HPs)
             Began as a Deep Elf Conjurer on Apr 4, 2018.
             Slain by a gnoll
             ... wielding a +2 whip of draining
              (8 damage)
             ... on level 1 of the Dungeon.
             The game lasted 00:05:14 (1578 turns).

Mirai the Magician (Deep Elf Conjurer)              Turns: 1578, Time: 00:05:16

Health: -2/24      AC:  5    Str:  5    XL:     4   Next: 55%
Magic:  11/14      EV: 12    Int: 21    God:
Gold:   61         SH:  3    Dex: 15    Spells: 4/15 levels left

rFire    . . .     SeeInvis .   l - +0 mace
rCold    . . .     Gourm    .   k - +0 buckler {rN+}
rNeg     + . .     Faith    .   a - +0 robe
rPois    .         Spirit   .   g - +0 helmet (curse)
rElec    .         Reflect  .   (no cloak)
rCorr    .         Harm     .   m - +1 pair of gloves
MR       .....                  (no boots)
Stlth    ++........             (no amulet)
HPRegen  0.08/turn              (no ring)
MPRegen  0.14/turn              (no ring)

@: no status effects
A: no striking features
a: no special abilities


You were on level 1 of the Dungeon.
You were not hungry.

You visited 1 branch of the dungeon, and saw 2 of its levels.

You collected 61 gold pieces.

Inventory:

Hand Weapons
 l - a +0 mace (weapon)
Armour
 a - a +0 robe (worn)
 g - a cursed +0 helmet (worn)
 k - a +0 buckler of positive energy (worn)
 m - a +1 pair of gloves (worn)
Scrolls
 d - a scroll of identify {unknown}
 e - a scroll of fear {unknown}
 o - a scroll of magic mapping {unknown}
Potions
 f - a potion of degeneration {unknown}
 h - a potion of cancellation {unknown}
 i - a potion of agility {unknown}
 n - a potion of heal wounds {unknown}
Books
 b - a book of Conjurations

   Spells                             Type                      Level
   a - Magic Dart                     Conjuration                  1
   b - Searing Ray                    Conjuration                  2
   c - Dazzling Spray                 Conjuration/Hexes            3
   d - Fulminant Prism                Conjuration/Hexes            4
   e - Force Lance                    Conjuration/Translocation    4
   f - Iskenderun's Mystic Blast      Conjuration                  4
Comestibles
 c - 2 rations
 j - a chunk of flesh


   Skills:
 - Level 2.4 Dodging
 - Level 2.4 Stealth
 + Level 6.3 Spellcasting
 + Level 4.5 Conjurations
 + Level 1.0 Hexes


You had 4 spell levels left.
You knew the following spells:

 Your Spells              Type           Power        Failure   Level  Hunger
a - Magic Dart            Conj           ####         2%          1    None
b - Searing Ray           Conj           ####..       3%          2    None
c - Iskenderun's Mystic   Conj           ####....     24%         4    ###....
d - Fulminant Prism       Conj/Hex       ###.......   45%         4    ###....


Dungeon Overview and Level Annotations

Branches:
Dungeon (2/15)

Altars:
Elyvilon
Xom


Message History

There is a stone staircase leading down here.
The gnoll hits you with a whip!
* * * LOW HITPOINT WARNING * * *
The gnoll hits you with a flail.
* * * LOW HITPOINT WARNING * * *
The gnoll barely misses you. You block the gnoll's attack.
You see here 2 stones.
You see here a stone.
Casting: Searing Ray
Confirm with . or Enter, or press ? or * to list all spells.
Aiming: Searing Ray
Press: ? - help, Shift-Dir - straight line The searing ray hits the gnoll.
The gnoll is moderately wounded. (Press . to maintain the ray.)
The gnoll barely misses you.
The searing ray hits the gnoll.
The gnoll is heavily wounded.
The gnoll hits you with a whip of draining!
You die...

......###)#..#####.#
#.........#........#
##..(###....########
###..###...####
...(.....#....####
###...#######....#
#.......#....##.#
#..####.#.#####.#
#..# #.#.# #@#
##..####..># #g#
.......##### #g#
.#..##.# #.#
.#..##.# #g#
...[##.# #.#
###....# #.#####
#.#..# #...g.#
#.#..# #####g#


You could see 3 gnolls.

Vanquished Creatures
  A gnoll (D:2)
  3 adders (D:2)
  An ooze (D:1)
  2 worms (D:2)
  3 dart slugs (D:1)
  A leopard gecko (D:2)
  2 giant cockroaches (D:1)
  6 hobgoblins
  A jackal (D:2)
  9 bats
  6 frilled lizards
  10 goblins
  3 kobolds (D:1)
  5 rats
53 creatures vanquished.

Notes
Turn   | Place    | Note
-------+----------+-------------------------------------------
     0 | D:1      | Mirai the Deep Elf Conjurer began the quest for the Orb.
     0 | D:1      | Reached XP level 1. HP: 10/10 MP: 6/6
   208 | D:1      | Reached skill level 4 in Spellcasting
   208 | D:1      | Reached XP level 2. HP: 15/15 MP: 1/9
   273 | D:2      | Learned a level 2 spell: Searing Ray
   392 | D:1      | Reached XP level 3. HP: 10/19 MP: 2/11
   446 | D:1      | Reached skill level 5 in Spellcasting
   946 | D:2      | Found a white marble altar of Elyvilon.
  1001 | D:2      | Reached skill level 6 in Spellcasting
  1001 | D:2      | Reached XP level 4. HP: 8/24 MP: 1/14
  1198 | D:2      | Learned a level 4 spell: Iskenderun's Mystic Blast
  1203 | D:2      | Learned a level 4 spell: Fulminant Prism
  1275 | D:2      | Found a shimmering altar of Xom.
  1491 | D:2      | Reached skill level 1 in Hexes
  1578 | D:1      | Slain by a gnoll

Skill      XL: |  1  2  3  4 |
---------------+-------------+-----
Spellcasting   | 4 6 |  6.3
Hexes          | 1 |  1.0
Dodging        | |  2.4
Stealth        | |  2.4
Conjurations   | |  4.5

Action                   |  1- 3 |  4- 6 || total
-------------------------+-------+-------++-------
Melee: Unarmed           |    12 |     1 ||    13
 Cast: Magic Dart        |    62 |    27 ||    89
       Searing Ray       |     5 |     6 ||    11
  Eat: Chunk             |       |     2 ||     2
Armor: Robe              |     6 |     1 ||     7
Dodge: Dodged            |    32 |    13 ||    45
Block: Buckler           |       |     4 ||     4
